 Dungeon Crawl Stone Soup version 0.30-a0-728-gc68057be0a (webtiles) character file.

Game seed: 2343540434439749168

853 testman the Cudgeller (level 7, 0/72 HPs)
             Began as a Troll Gladiator on Jan 31, 2023.
             Was a Follower of Okawaru.
             Engulfed by a steam dragon's steam (6 damage)
             ... on level 6 of the Dungeon.
             The game lasted 00:10:35 (3921 turns).

testman the Cudgeller (Troll Gladiator)             Turns: 3921, Time: 00:10:36

Health: 0/72       AC:  5    Str: 25    XL:     7   Next: 70%
Magic:  5/7        EV: 12    Int:  4    God:    Okawaru [*.....]
Gold:   330        SH:  0    Dex: 11    Spells: 6/6 levels left

rFire   . . .      SeeInvis .    a - +0 flail
rCold   . . .      Faith    .    (no shield)
rNeg    . . .      Spirit   .    b - +0 robe
rPois   +          Reflect  .    c - +0 hat
rElec   .          Harm     .    t - +0 cloak
rCorr   +          Rampage  .    (gloves unavailable)
Will    .....                    (boots unavailable)
Stlth   +++                      (no amulet)
HPRegen 1.12/turn                l - ring of resist corrosion
MPRegen 0.10/turn                o - ring of poison resistance

@: heroic
A: large, unfitting armour, claws 3, regeneration 1, shaggy fur 1, tough skin 1
a: Renounce Religion, Heroism


You were on level 6 of the Dungeon.
You worshipped Okawaru.
Okawaru was aware of your devotion.
You visited 2 branches of the dungeon, and saw 7 of its levels.

You collected 330 gold pieces.

Inventory:

Hand Weapons
 a - a +0 flail (weapon)
Missiles
 d - 3 throwing nets (quivered)
 e - a large rock
 q - 4 curare-tipped darts
 x - 6 poisoned darts
Armour
 b - a +0 robe (worn)
 c - a +0 hat (worn)
 t - a +0 cloak (worn)
Jewellery
 l - a ring of resist corrosion (left claw)
 o - a ring of poison resistance (right claw)
 G - a ring of protection from cold
Wands
 w - a wand of polymorph (20)
 B - a wand of flame (28)
Scrolls
 f - 2 scrolls of noise {unknown}
 i - a scroll of torment {unknown}
 j - a scroll of butterflies {unknown}
 k - 6 scrolls of teleportation {unknown}
 m - 2 scrolls of blinking {unknown}
 p - a scroll of magic mapping {unknown}
 r - a scroll of immolation {unknown}
 s - 2 scrolls of poison {unknown}
 y - a scroll of fear {unknown}
 A - 3 scrolls of identify {unknown}
 D - a scroll of acquirement {unknown}
 H - a scroll of fog {unknown}
 I - a scroll of amnesia {unknown}
Potions
 g - 2 potions of haste {unknown}
 h - 8 potions of curing
 n - a potion of lignification {unknown}
 u - 2 potions of berserk rage {unknown}
 v - a potion of flight {unknown}
 z - 4 potions of degeneration {unknown}
 C - 2 potions of brilliance {unknown}
 E - a potion of attraction {unknown}
 F - a potion of magic {unknown}


   Skills:
 + Level 5.0(10.0) Fighting
 + Level 5.9(10.9) Maces & Flails
 - Level 1.7(6.7) Throwing
 - Level 2.4(7.4) Dodging
 + Level 2.4 Invocations


You had 6 spell levels left.
You didn't know any spells.
Your spell library contained the following spells:

 Spells                   Type           Power      Damage    Failure   Level
 Foxfire                  Conj/Fire      0%         2x1d4     50%         1
 Slow                     Hex            0%         N/A       50%         1
 Blink                    Tloc           0%         N/A       65%         2
 Lesser Beckoning         Tloc           0%         N/A       65%         2
 Momentum Strike          Conj/Tloc      0%         3d8       65%         2
 Confusing Touch          Hex            0%         N/A       86%         3
 Vampiric Draining        Necr           0%         2d6       86%         3
 Fireball                 Conj/Fire      0%         3d3       100%        5
 Starburst                Conj/Fire      0%         6d3       100%        6


Dungeon Overview and Level Annotations

Branches:
Dungeon (6/15)             Temple (1/1) D:4

Altars:
Cheibriados
Elyvilon
Fedhas
Gozag
Hepliaklqana
Nemelex Xobeh
Okawaru
Qazlal
Ru
Trog
Wu Jian
Xom
Zin
The Shining One

Shops:
D:2 *   D:4 (   D:6 *


Innate Abilities, Weirdness & Mutations

You are too large for most types of armour.
You have claws for hands.
Your natural rate of healing is unusually fast.
You are covered in fur. (AC +1)
You have tough skin. (AC +1)


Message History

Your Fighting skill increases to level 5!
No target in view!
An iguana comes into view.
A steam dragon comes into view.
Found a silvery potion.
You hit the iguana but do no damage. The iguana bites you.
You barely miss the iguana.
The steam dragon hisses angrily.
The iguana bites you!
You sock the steam dragon!
The steam dragon is moderately wounded.
The iguana bites you!
The steam dragon bites you but does no damage.
The steam dragon barely misses you.
You gain the combat prowess of a mighty hero.
The iguana closely misses you.
The steam dragon bites you but does no damage.
The steam dragon claws you.
You hit the steam dragon but do no damage.
The steam dragon is moderately wounded.
The iguana barely misses you. The steam dragon barely misses you. x2
You thump the steam dragon!
The steam dragon is heavily wounded.
The iguana bites you. The steam dragon closely misses you.
The steam dragon claws you but does no damage.
You completely miss the steam dragon.
The steam dragon is heavily wounded.
The iguana bites you. The steam dragon closely misses you.
The steam dragon claws you.
You sock the steam dragon!
The steam dragon is almost dead.
The iguana bites you! The steam dragon breathes steam at you.
The ball of steam hits you!!
* * * LOW HITPOINT WARNING * * *
You hear a shout!
You hit the steam dragon.
The steam dragon is almost dead.
You are engulfed in a cloud of scalding steam.
You die...

####.....###
##....#....#
.....####..#
...........#
##.#..)....# ####
####.......# ###...#
..###....### #.....###
...........####ยง......#
...##........#..@l....#
..##.......##...#D......
................#.!..#.#
..............###....#
#...#...#......# .....#
#......#.......# .......
......##..#.......#.....
.....##...###.....##.#.#
.....##.......##...


You could see a steam dragon (catching breath) and an iguana.

Vanquished Creatures
  A phantom (D:6)
  A bullfrog (D:6)
  3 scorpions
  2 hounds (D:5)
  An orc priest (D:5)
  A jelly (D:5)
  Ijyb (D:4)
  Natasha (thrice) (D:2)
  2 iguanas
  An orc wizard (D:5)
  Terence (D:2)
  Robin (D:2)
  9 adders
  A shadow imp (D:6)
  2 ufetubi
  A worm (D:2)
  3 dart slugs
  8 orcs
  13 endoplasms
  5 giant cockroaches
  16 goblins
  9 hobgoblins
  6 jackals (D:1)
  4 quokkas
  2 ball pythons
  6 bats
  3 frilled lizards (D:2)
  4 kobolds
  9 rats
119 creatures vanquished.

Notes
Turn   | Place    | Note
-------+----------+-------------------------------------------
     0 | D:1      | testman the Troll Gladiator began the quest for the Orb.
     0 | D:1      | Reached XP level 1. HP: 19/19 MP: 0/0
    58 | D:1      | Found a faded altar of an unknown god.
   262 | D:1      | Reached XP level 2. HP: 28/28 MP: 1/1
   823 | D:1      | Reached XP level 3. HP: 27/36 MP: 2/2
   841 | D:2      | Noticed Natasha
   847 | D:2      | Killed Natasha
   880 | D:2      | Reached XP level 4. HP: 44/44 MP: 3/3
   882 | D:2      | Noticed Natasha
   892 | D:2      | Noticed Robin
   899 | D:2      | Killed Natasha
   980 | D:2      | Killed Robin
  1019 | D:2      | Noticed Natasha
  1028 | D:2      | Killed Natasha
  1029 | D:2      | Reached XP level 5. HP: 38/53 MP: 4/4
  1030 | D:2      | Noticed Terence
  1048 | D:2      | Killed Terence
  1322 | D:2      | Found Vuang's Assorted Antiques.
  2005 | D:4      | Noticed Ijyb
  2038 | D:4      | Killed Ijyb
  2039 | D:4      | Reached XP level 6. HP: 53/62 MP: 5/5
  2197 | D:4      | Found a staircase to the Ecumenical Temple.
  2206 | Temple   | Entered the Ecumenical Temple
  2331 | Temple   | Became a worshipper of Warmaster Okawaru
  2456 | D:4      | Found a sparkling altar of Nemelex Xobeh.
  2485 | D:4      | Found Moep's Antique Weapon Emporium.
  2884 | D:5      | Entered Level 5 of the Dungeon
  2896 | D:5      | Reached skill level 5 in Maces & Flails
  3118 | D:5      | Reached skill level 1 in Invocations
  3118 | D:5      | Reached XP level 7. HP: 29/71 MP: 6/6
  3656 | D:6      | Reached * piety under Okawaru
  3805 | D:6      | Found Zin's Purification Station.
  3808 | D:6      | Found a glowing silver altar of Zin.
  3849 | D:6      | Found a sacrificial altar of Ru.
  3860 | D:6      | Reached skill level 5 in Fighting
  3911 | D:6      | Noticed a steam dragon
  3921 | D:6      | Engulfed by a steam dragon's steam

Illustrated notes

Levels and vault maps discovered:
D:1:      dpeg_arrival_oval, layout_loops_ring,
          ebering_ecumenical_altar_petrified
D:2:      layout_rooms, serial_shops, shop, grunt_ministairs_1,
          minmay_heptomino_o4, uniq_terence, uniq_robin, uniq_natasha
D:3:      layout_loops_cross
D:4:      layout_basic, nemelex_spade_bored_becter,
          minmay_temple_entry_junction, serial_shops, nicolae_shop_statue_plus,
          uniq_ijyb
D:5:      layout_basic, hangedman_abyss_or_decor_lesser_grid
D:6:      layout_cave_pools, overflow_temple_1_default, zin_purify,
          kennysheep_mini
Temple:   jpeg_temple_clearing

Skill      XL: |  1  2  3  4  5  6  7 |
---------------+----------------------+-----
Maces & Flails | 3 4 5 |  5.9
Fighting       | 2 3 4 5 |  5.0
Invocations    | 1 2 |  2.4
Throwing       | |  1.7
Dodging        | |  2.4

Action                     |  1- 3 |  4- 6 |  7- 9 || total
---------------------------+-------+-------+-------++-------
  Melee: Flail             |    95 |   282 |    61 ||   438
         Punch             |       |     1 |       ||     1
         Unarmed           |       |    27 |       ||    27
  Throw: Dart              |       |     1 |       ||     1
 Invoke: Heroism           |       |       |     1 ||     1
    Use: Potion            |       |     1 |       ||     1
   Stab: Sleeping          |       |     3 |       ||     3
 Armour: Robe              |    47 |   122 |    23 ||   192
  Dodge: Dodged            |   102 |   182 |    36 ||   320

Table legend: (Time is in decaauts)
 A = Elapsed time spent in this place.
 B = Non-inter-level travel time spent in this place.
 C = Inter-level travel time spent in this place.
 D = Time resting spent in this place.
 E = Time spent auto-exploring this place.
 F = Levels seen in this place.
 G = Mean time per level.
                   A        B        C        D        E       F      G
               +--------+--------+--------+--------+--------+-----+--------+
         Total |   3999 |   3789 |    210 |     38 |   2779 |   7 |  571.3 |
       Dungeon |   3858 |   3666 |    192 |     38 |   2669 |   6 |  643.0 |
        Temple |    140 |    122 |     18 |      0 |    110 |   1 |  140.0 |
               +--------+--------+--------+--------+--------+-----+--------+

Top non-repeatable levels by time:
     D:1: 938 daAuts
     D:5: 755 daAuts
     D:4: 750 daAuts
     D:3: 562 daAuts
     D:2: 556 daAuts
     D:6: 295 daAuts
  Temple: 140 daAuts
